 Dungeon Crawl Stone Soup version 0.30-a0-223-gcb0039aa0c (webtiles) character file.

Game seed: 10515778528647856175

450 qw the Chopper (level 7, -1/44 HPs)
             Began as a Gargoyle Fighter on Oct 9, 2022.
             Was an Initiate of Okawaru.
             Slain by an ogre
             ... wielding a +0 giant club
              (16 damage)
             ... on level 5 of the Dungeon.
             The game lasted 00:01:15 (3251 turns).

qw the Chopper (Gargoyle Fighter)                   Turns: 3251, Time: 00:01:16

Health: -1/44      AC: 16    Str: 21    XL:     7   Next: 4%
Magic:  7/7        EV:  4    Int:  9    God:    Okawaru [......]
Gold:   328        SH: 12    Dex:  9    Spells: 6/6 levels left

rFire   . . .      SeeInvis .    Y - +0 war axe (freeze)
rCold   + . .      Faith    .    q - +0 tower shield
rNeg    + + .      Spirit   .    i - +0 chain mail
rPois   inf        Reflect  .    (no helmet)
rElec   +          Harm     .    p - +1 cloak
rCorr   .          Rampage  .    (no gloves)
Will    .....                    (no boots)
Stlth   ..........               (no amulet)
HPRegen 0.27/turn                g - ring of protection from cold
MPRegen 0.10/turn                l - ring of positive energy

@: no status effects
A: sickness immunity, AC +4, negative energy resistance 1, electricity
resistance, torment resistance 1, petrification resistance
a: Renounce Religion


You were on level 5 of the Dungeon.
You worshipped Okawaru.
Okawaru was noncommittal.
You visited 2 branches of the dungeon, and saw 6 of its levels.
You also visited: Sewer.

You collected 328 gold pieces.


Innate Abilities, Weirdness & Mutations

You are immune to sickness and miasma.
Your stone body is resilient. (AC +4)
You are immune to poison.
You resist negative energy. (rN+)
You are resistant to electric shocks. (rElec)
You are resistant to unholy torment.
You are immune to petrification.


   Skills:
 - Level 4.3 Fighting
 - Level 5.6 Axes
 - Level 3.2 Armour
 + Level 4.5 Shields


You had 6 spell levels left.
You didn't know any spells.
Your spell library was empty.

Inventory:

Hand Weapons
 m - a +0 mace
 Y - a +0 war axe of freezing (weapon)
Armour
 i - a +0 chain mail (worn)
 p - a +1 cloak (worn)
 q - a +0 tower shield (worn)
Jewellery
 g - a ring of protection from cold (left hand)
 l - a ring of positive energy (right hand)
Scrolls
 f - a scroll of identify
Potions
 d - a potion of might
 e - a potion of lignification
 h - a potion of haste
 j - 2 potions of curing
 k - a potion of mutation
 n - a potion of attraction {unknown}

Dungeon Overview and Level Annotations

Branches:
Dungeon (5/15)             Temple (1/1) D:4           Sewer (visited)

Altars:
Ashenzari
Cheibriados
Dithmenos
Elyvilon
Fedhas
Gozag
Hepliaklqana
Kikubaaqudgha
Makhleb
Nemelex Xobeh
Okawaru
Qazlal
Ru
Sif Muna
Trog
Uskayaw
Wu Jian
Xom
Yredelemnul
Zin
The Shining One

Shops:
D:2 [


Message History

You hit the iguana but do no damage.
The iguana is almost dead.
The iguana bites you but does no damage.
You hit the iguana. You freeze the iguana.
You kill the iguana!
Okawaru accepts your kill.
You have reached level 7!
An orc priest comes into view. It is wielding a +0 hand axe.
The orc priest shouts!
An ogre comes into view. It is wielding a +0 giant club.
The ogre shouts!
You hear a shout! 2 orc wizards come into view.
An orc wizard is wielding the +8 whip of Scorn {vorpal, rC+ Int+2 Stlth-}.
Found a dagger.
The orc wizard shouts! x2
An orc comes into view.
It is wielding a +0 short sword of venom.
The orc priest hits you but does no damage.
You hit the orc priest. You freeze the orc priest.
The orc priest is moderately wounded.
The orc wizard casts a spell.
The orc wizard flickers and vanishes!
Deactivating autopickup; reactivate with Ctrl-A.
The orc priest mumbles some strange prayers to Beogh against you.
Beogh smites you!
You closely miss the orc priest.
The orc priest is moderately wounded.
You barely miss the ogre.
The orc wizard gestures wildly while chanting.
The orc wizard flickers and vanishes!
You block the ogre's attack.
The orc priest hits you but does no damage.
You completely miss the orc priest.
The orc priest is moderately wounded.
You hit the ogre. You freeze the ogre. The ogre hits you with a +0 giant club!
You block the orc priest's attack.
You barely miss the orc priest.
The orc priest is moderately wounded.
You barely miss the ogre. You miss something. You barely miss something.
Something hits you but does no damage. Something hits you.
The ogre hits you with a +0 giant club!
You die...

........#..........
...................
...................
......(............
..........#.....)..
.)........#.....$..
.....oO.....%..##..
#....{@...<.......
#.#...o...........
##.##........... ##
##..........
##$........
##........
......#.. ..#...#..
###.##


You could see an ogre, an orc priest and an orc.

Vanquished Creatures
  Pargi (Sewer)
  A black bear (D:4)
  An ogre (D:4)
  Jessica (D:2)
  An iguana (D:5)
  4 adders
  2 river rats (D:3)
  An adder zombie (D:3)
  2 worms (D:2)
  A dart slug (D:3)
  2 orcs
  8 ball pythons
  2 endoplasms
  4 giant cockroaches
  4 goblins
  2 hobgoblins
  2 jackals (D:3)
  2 quokkas
  A ball python skeleton (D:3)
  5 bats
  7 frilled lizards
  7 kobolds
  7 rats
68 creatures vanquished.

Vanquished Creatures (others)
  3 fungi (D:2)
  A plant (D:2)
4 creatures vanquished.

Grand Total: 72 creatures vanquished

Notes
Turn   | Place    | Note
-------+----------+-------------------------------------------
     0 | D:1      | qw the Gargoyle Fighter began the quest for the Orb.
     0 | D:1      | Reached XP level 1. HP: 14/14 MP: 1/1
     0 | D:1      | 0 ||| qw: Version: 0.2-a-17-g06abaee
     0 | D:1      | 0 ||| qw: Game counter: 2100
     0 | D:1      | 0 ||| qw: Always use a shield: true
     0 | D:1      | 0 ||| qw: God list: Okawaru
     0 | D:1      | 0 ||| qw: Allow faded altars: false
     0 | D:1      | 0 ||| qw: Do Orc after D:15 true
     0 | D:1      | 0 ||| qw: Do second Lair branch before Depths: true
     0 | D:1      | 0 ||| qw: Lair rune preference: random
     0 | D:1      | 0 ||| qw: Plans: Normal, Zot:1-4, God:TSO, Crypt, Tomb,
                  | Pan, Slime:5, Hells, Abyss, Orb
     0 | D:1      | 0 ||| PLANNING D:1-11
    44 | D:1      | Reached skill level 2 in Axes
   148 | D:1      | Reached XP level 2. HP: 19/19 MP: 2/2
   306 | D:1      | 306 ||| DROPPING +0 club.
   418 | D:1      | 418 ||| UPGRADING to ring of protection from cold.
   419 | D:1      | 419 ||| UPGRADING to ring of positive energy.
   420 | D:1      | 420 ||| READING scroll labelled LOABIOREOW.
   421 | D:1      | 421 ||| READING 2 scrolls labelled QOUVVO TOYSM.
   422 | D:1      | 422 ||| READING scroll labelled COERERE VUEDE.
   427 | D:1      | 427 ||| READING scroll labelled MER RYHOIF.
   428 | D:1      | 428 ||| DRINKING 2 dark potions.
   565 | D:2      | Reached skill level 3 in Axes
   660 | D:2      | Found Jiwned's Antique Armour Shoppe.
   670 | D:2      | Reached XP level 3. HP: 23/23 MP: 3/3
   674 | D:2      | 674 ||| SHOPLISTING runed cloak (202 gold, have 101).
   674 | D:2      | 674 ||| SHOPLISTING runed leather armour (135 gold, have
                  | 101).
   701 | D:2      | Noticed Jessica
   702 | D:2      | 702 ||| Stepping ~*~*~tactically~*~*~ (hiding).
   712 | D:2      | Killed Jessica
   856 | D:2      | 856 ||| Stepping ~*~*~tactically~*~*~ (stealth).
   862 | D:2      | Reached XP level 4. HP: 28/28 MP: 4/4
   905 | D:2      | 905 ||| Stepping ~*~*~tactically~*~*~ (stealth).
   950 | D:2      | Found a faded altar of an unknown god.
  1137 | D:2      | 1137 ||| READING scroll labelled SIS OPICSYKLENGUA.
  1138 | D:2      | 1138 ||| READING scroll labelled SOL JUESYE.
  1139 | D:2      | 1139 ||| READING scroll labelled ZARHEQ FOET.
  1140 | D:2      | 1140 ||| READING scroll labelled CIYXIGG IVVI.
  1141 | D:2      | 1141 ||| READING 4 scrolls of identify.
  1141 | D:2      | 1141 ||| IDENTIFYING viscous white potion
  1142 | D:2      | 1142 ||| READING 3 scrolls of identify.
  1142 | D:2      | 1142 ||| IDENTIFYING green potion
  1143 | D:2      | 1143 ||| READING 2 scrolls of identify.
  1143 | D:2      | 1143 ||| IDENTIFYING golden potion
  1144 | D:2      | 1144 ||| DROPPING potion of ambrosia.
  1145 | D:2      | 1145 ||| DROPPING potion of magic.
  1168 | D:3      | 1168 ||| PLANNING SEWER
  1173 | D:3      | 1173 ||| STAIRDANCE
  1329 | D:3      | Reached skill level 4 in Axes
  1635 | D:3      | Found a glowing drain.
  1643 | D:3      | Reached XP level 5. HP: 20/32 MP: 5/5
  1701 | D:3      | 1701 ||| UPGRADING to +0 chain mail.
  1711 | D:3      | 1711 ||| DROPPING +0 scale mail.
  1712 | D:3      | 1712 ||| UPGRADING to +0 cloak.
  1717 | D:3      | 1717 ||| READING scroll of enchant armour.
  1717 | D:3      | 1717 ||| ENCHANTING +0 cloak.
  1718 | D:3      | 1718 ||| READING 2 scrolls labelled JOHIUQERPHU.
  1737 | D:3      | 1737 ||| DROPPING scroll of torment.
  1747 | Sewer    | Entered a sewer
  1773 | Sewer    | Noticed Pargi
  1797 | Sewer    | Killed Pargi
  1798 | Sewer    | Reached skill level 5 in Axes
  1798 | Sewer    | Reached XP level 6. HP: 19/37 MP: 6/6
  1891 | Sewer    | 1891 ||| UPGRADING to amulet of guardian spirit.
  1916 | D:3      | 1916 ||| PLANNING D:1-11
  2196 | D:3      | Found a broken altar of Ashenzari.
  2199 | D:3      | Found a shimmering blue altar of Sif Muna.
  2206 | D:3      | 2206 ||| DRINKING 3 inky potions.
  2269 | D:4      | Found a staircase to the Ecumenical Temple.
  2270 | D:4      | 2270 ||| PLANNING TEMPLE
  2277 | Temple   | Entered the Ecumenical Temple
  2279 | Temple   | 2279 ||| PLANNING OKAWARU WORSHIP
  2286 | Temple   | Became a worshipper of Warmaster Okawaru
  2287 | Temple   | 2287 ||| PLANNING D:1-11
  2287 | Temple   | 2287 ||| REMOVING amulet of guardian spirit.
  2292 | Temple   | 2292 ||| DROPPING amulet of guardian spirit.
  2539 | D:4      | Found a white marble altar of Elyvilon.
  2539 | D:4      | Found a glowing golden altar of the Shining One.
  2788 | D:4      | 2788 ||| Stepping ~*~*~tactically~*~*~ (stealth).
  2797 | D:4      | 2797 ||| SWAPPING to +0 war axe of freezing.
  2798 | D:4      | 2798 ||| DROPPING +0 war axe.
  3173 | D:4      | 3173 ||| UPGRADING to +0 tower shield.
  3183 | D:4      | 3183 ||| DROPPING +0 buckler.
  3184 | D:4      | 3184 ||| READING scroll labelled FUOFUO YCUYDEWOCH.
  3185 | D:4      | 3185 ||| READING scroll labelled QAQUTSI KUFA.
  3186 | D:4      | 3186 ||| READING 2 scrolls of identify.
  3186 | D:4      | 3186 ||| IDENTIFYING pink potion
  3192 | D:5      | Entered Level 5 of the Dungeon
  3192 | D:5      | Noticed a black bear
  3193 | D:5      | 3193 ||| PLANNING OSSUARY
  3194 | D:5      | 3194 ||| STAIRDANCE
  3199 | D:4      | Killed a black bear
  3244 | D:5      | Reached XP level 7. HP: 44/44 MP: 7/7
  3246 | D:5      | Identified the +8 whip of Scorn {vorpal, rC+ Int+2 Stlth-}
  3251 | D:5      | Slain by an ogre

Levels and vault maps discovered:
D:1:      dpeg_arrival_shelter, layout_rooms, minmay_strange_pillars,
          minivault_19
D:2:      layout_loops_ring, serial_shops, nicolae_shop_advertising_works
          [nicolae_subvault_shop_adworks], shapermc_ecumenical_altar_rom_forum,
          corexii_item_surrounded_by_moat, uniq_jessica
D:3:      layout_loops_ring, minitemple, serial_undead, serial_undead_d,
          serial_undead_c, serial_undead_d, serial_undead_c,
          portal_sewer_entry_b
D:4:      layout_loops_corners, nicolae_overflow_two_pavilions,
          minmay_temple_entry_ruins
D:5:      layout_cave_pools, nicolae_ossuary_entry_ruins
Temple:   sentei_temple_godly_chess

Skill      XL: |  1  2  3  4  5  6 |
---------------+-------------------+-----
Axes           | 2 3 4 5 |  5.6
Fighting       | 4 |  4.3
Shields        | 4 |  4.5
Armour         | |  3.2

Action                   |  1- 3 |  4- 6 |  7- 9 || total
-------------------------+-------+-------+-------++-------
Melee: War axe           |    77 |   142 |     4 ||   223
  Use: Scroll            |     4 |    12 |       ||    16
       Potion            |     1 |     1 |       ||     2
Armor: Scale mail        |    33 |    39 |       ||    72
       Chain mail        |       |    58 |     3 ||    61
Dodge: Dodged            |    31 |    67 |       ||    98
Block: Buckler           |     9 |    36 |       ||    45
       Tower shield      |       |     9 |     2 ||    11

Table legend:
 A = Non-vault XP
 B = Vault XP
 C = Vault XP percentage of total XP
 D = Non-vault monster count
 E = Vault monster count
 F = Vault count percentage of total count
                 A         B        C        D         E       F
            +---------+---------+-------+---------+---------+-------
      Total |     431 |     213 |  33.1 |      55 |      13 |  19.1
            +---------+---------+-------+---------+---------+-------
        D:1 |      14 |       0 |   0.0 |      10 |       0 |   0.0
        D:2 |      39 |      37 |  48.7 |      14 |       1 |   6.7
        D:3 |      67 |      37 |  35.6 |      18 |       8 |  30.8
        D:4 |     274 |       0 |   0.0 |      12 |       0 |   0.0
        D:5 |      37 |       0 |   0.0 |       1 |       0 |   0.0
      Sewer |       0 |     139 | 100.0 |       0 |       4 | 100.0
            +---------+---------+-------+---------+---------+-------
